[Event "Late-Titled-Tuesday-Blitz-May-28-2024"]
[Site "Chess.com"]
[Date "2024.05.28"]
[Round "2"]
[White "cristianserban1"]
[Black "whatupy0dog"]
[Result "1-0"]
[WhiteElo "2526"]
[BlackElo "2278"]
[TimeControl "180+1"]
[EndTime "14:15:17 PDT"]
[Termination "cristianserban1 won by checkmate"]

1. Nf3 Nf6 2. b3 d5 3. Bb2 c5 4. e3 Nc6 5. Bb5 Bd7 6. O-O g6 7. c4 Bg7 8. cxd5 Nb8 9. Bxd7+ Nbxd7 10. e4 O-O 11. d3 Qc7 12. Nbd2 Ng4 13. Bxg7 Kxg7 14.
Rc1 b6 15. h3 Nge5 16. d4 Nxf3+ 17. Nxf3 Qd6 18. dxc5 Nxc5 19. Qd4+ e5 20. Nxe5 Qf6 21. f4 Rfe8 22. Rcd1 Rad8 23. b4 Ne6 24. Qe3 Nxf4 25.
Ng4 Nxg2 26. Kxg2 Qd6 27. Qd4+ Kf8 28. Qh8+ Ke7 29. Rxf7+ Kxf7 30. Rf1+ Ke7 31. Qg7# 1-0

[Event "Late-Titled-Tuesday-Blitz-May-28-2024"]
[Site "Chess.com"]
[Date "2024.05.28"]
[Round "2"]
[White "JacksterThePro"]
[Black "oogee"]
[Result "1-0"]
[WhiteElo "2556"]
[BlackElo "2352"]
[TimeControl "180+1"]
[EndTime "14:15:18 PDT"]
[Termination "JacksterThePro won by resignation"]

1. d4 Nf6 2. Bg5 Ne4 3. Bh4 g5 4. Bg3 Bg7 5. e3 d6 6. Nd2 Nxg3 7. hxg3 Nd7 8. Bd3 Nf6 9. Ngf3 Bg4 10. c3 c6 11. Qb3 h6 12. Qxb7 Rb8 13. Qxc6+ Bd7 14. Qa6 Rxb2 15. Rb1 Qb8 16. O-O O-O 17. Nc4 Rb7 18.
Rxb7 1-0

[Event "Late-Titled-Tuesday-Blitz-May-28-2024"]
[Site "Chess.com"]
[Date "2024.05.28"]
[Round "2"]
[White "shirovin"]
[Black "lcmil"]
[Result "1-0"]
[WhiteElo "2100"]
[BlackElo "2442"]
[TimeControl "180+1"]
[EndTime "14:15:22 PDT"]
[Termination "shirovin won by resignation"]

1. e4 c5 2. Nf3 d6 3. d4 cxd4 4. Nxd4 Nf6 5. Nc3 g6 6. Be3 Bg7 7. f3 O-O 8. Qd2 Nc6 9. Bc4 Bd7 10. O-O-O Ne5 11. Bb3 Rc8 12. h4 h5 13. Bg5 Rc5 14. Kb1 b5 15. g4 a5 16. gxh5 a4 17. Bd5 e6 18. hxg6 fxg6 19. Rdg1 exd5 20. Nxd5 Nc4 21.
Qg2 Rxd5 22. exd5 Qb6 23. Ne6 Bxe6 24. dxe6 Qa5 25. e7 1-0

[Event "Late-Titled-Tuesday-Blitz-May-28-2024"]
[Site "Chess.com"]
[Date "2024.05.28"]
[Round "2"]
[White "swayamsm"]
[Black "Lennis93"]
[Result "1-0"]
[WhiteElo "2552"]
[BlackElo "2768"]
[TimeControl "180+1"]
[EndTime "14:15:25 PDT"]
[Termination "swayamsm won by resignation"]

1. d4 Nf6 2. Nf3 e6 3. Bf4 b5 4. Nbd2 Bb7 5. e3 a6 6. a4 b4 7.
Bd3 Nh5 8. O-O Nxf4 9. exf4 f5 10. Re1 Be7 11. Nc4 a5 12. Ne3 O-O 13. d5 Bf6 14.
Bc4 exd5 15. Bxd5+ Bxd5 16. Qxd5+ Kh8 17. Qxa8 Bxb2 18. Rad1 Bc3 19. Re2 h6 20. Nd5 Bb2 21. Qxa5 Nc6 22. Qxc7 Qa8 23. Qxd7 Qa6 24. Re8 Rxe8 25.
Qxe8+ Kh7 26. Re1 Qc4 27. Ng5+ 1-0

[Event "Late-Titled-Tuesday-Blitz-May-28-2024"]
[Site "Chess.com"]
[Date "2024.05.28"]
[Round "2"]
[White "rikchessmx"]
[Black "yobdc"]
[Result "0-1"]
[WhiteElo "2318"]
[BlackElo "2534"]
[TimeControl "180+1"]
[EndTime "14:15:26 PDT"]
[Termination "yobdc won by checkmate"]

1. e4 c5 2. Nf3 Nf6 3. d4 cxd4 4.
e5 Nd5 5. Qxd4 e6 6. Nbd2 Nc6 7.
Qe4 f5 8. exf6 Nxf6 9. Qa4 Be7 10. Bd3 O-O 11. O-O b6 12. Ne4 Nb4 13. Nxf6+ Rxf6 14. Bg5 Rxf3 15. Bxe7 Qxe7 16. gxf3 Nxd3 17. cxd3 Bb7 18.
Qg4 Rf8 19. f4 Rf6 20. Rac1 Rg6 21. Qg3 Qd6 22. Rc3 Qxf4 23. d4 Qe4 24. f3 Qxd4+ 25.
Kh1 Rxg3 26. hxg3 Qd2 27. Rc7 Bc6 28. b4 Qe2 29. Kg1 Qe5 30. Rc8+ Kf7 31. f4 Qe3+ 32.
Rf2 Qe1+ 33. Rf1 Qxg3# 0-1

[Event "Late-Titled-Tuesday-Blitz-May-28-2024"]
[Site "Chess.com"]
[Date "2024.05.28"]
[Round "2"]
[White "K_A_S_T_O_R"]
[Black "ACollins05"]
[Result "1-0"]
[WhiteElo "2847"]
[BlackElo "2481"]
[TimeControl "180+1"]
[EndTime "14:15:27 PDT"]
[Termination "K_A_S_T_O_R won by checkmate"]

1. e4 a6 2. d4 b5 3. Bd3 Bb7 4. Nf3 e6 5. O-O c5 6. c3 Nf6 7.
Re1 Be7 8. Nbd2 d6 9. Nf1 Nbd7 10. Ng3 O-O 11. h3 Re8 12. Be3 Qc7 13. Qe2 Bf8 14. Rad1 g6 15. Qd2 Bg7 16. Bh6 Rac8 17. Bb1 e5 18.
dxc5 dxc5 19. Qg5 Bh8 20. Nf5 Rcd8 21. Nd6 Re6 22. Nxb7 Qxb7 23. Nxe5 Qc7 24. Nxd7 Rxd7 25. Rxd7 Nxd7 26. Qd2 Rd6 27. Qe2 Re6 28. f4 c4 29.
e5 f6 30. Qg4 Qb6+ 31. Kh1 fxe5 32. Bf5 Qf2 33. Bxe6# 1-0

[Event "Late-Titled-Tuesday-Blitz-May-28-2024"]
[Site "Chess.com"]
[Date "2024.05.28"]
[Round "2"]
[White "Cuchulin"]
[Black "Pitomina"]
[Result "1/2-1/2"]
[WhiteElo "2219"]
[BlackElo "2485"]
[TimeControl "180+1"]
[EndTime "14:15:35 PDT"]
[Termination "Game drawn by repetition"]

1. d4 d5 2. Bf4 Bf5 3. e3 Nf6 4. Bd3 e6 5. Bxf5 exf5 6. Nf3 Bd6 7. Ne5 O-O 8. O-O Nbd7 9. Bg3 Re8 10. f4 Ne4 11. Nd2 Ndf6 12. Bh4 c6 13. Bxf6 Nxf6 14.
c4 Bb4 15. Ndf3 dxc4 16. Nxc4 Nd5 17. a3 Bf8 18. Re1 f6 19. Qd3 g6 20. g3 Qd7 21.
e4 fxe4 22. Rxe4 Rxe4 23. Qxe4 Re8 24. Qd3 b5 25. Ncd2 c5 26. Re1 c4 27. Qf1 a6 28.
Ne4 Qf5 29. Nfd2 Kg7 30. Qf3 h5 31. Re2 Re7 32. Nc5 Rxe2 33. Qxe2 c3 34. bxc3 Nxc3 35. Qe8 Bxc5 36. dxc5 Qxc5+ 37. Kg2 Qd5+ 38. Nf3 Qd4 39.
Qe7+ Kg8 40. Qe8+ Kg7 41. Qe7+ Kg8 42. Qe8+ Kg7 1/2-1/2

[Event "Late-Titled-Tuesday-Blitz-May-28-2024"]
[Site "Chess.com"]
[Date "2024.05.28"]
[Round "2"]
[White "emeli_chess"]
[Black "chegueps"]
[Result "0-1"]
[WhiteElo "2428"]
[BlackElo "2725"]
[TimeControl "180+1"]
[EndTime "14:15:39 PDT"]
[Termination "chegueps won by resignation"]

1. d4 d6 2. e4 Nf6 3. Bd3 e5 4.
d5 c6 5. c4 b5 6. Nc3 b4 7.
Na4 Be7 8. h3 O-O 9. Nf3 a5 10.
O-O Na6 11. Be3 Rb8 12. Rc1 c5 13. Nh4 Nxe4 14. Bxe4 Bxh4 15. Qh5 f5 16. Bb1 g6 17. Qh6 Bd7 18. g3 Bf6 19. h4 Bxa4 20.
h5 Be8 21. hxg6 Bxg6 22. g4 Bg7 23. Qh2 f4 24. Bxg6 hxg6 25. f3 fxe3 0-1

[Event "Late-Titled-Tuesday-Blitz-May-28-2024"]
[Site "Chess.com"]
[Date "2024.05.28"]
[Round "2"]
[White "dealshark"]
[Black "PNEPaul"]
[Result "1-0"]
[WhiteElo "2440"]
[BlackElo "1902"]
[TimeControl "180+1"]
[EndTime "14:15:42 PDT"]
[Termination "dealshark won by resignation"]

1. e4 e5 2. Nf3 Nc6 3. Bc4 Be7 4.
d3 Nf6 5. O-O O-O 6. c3 d6 7.
Nbd2 Bg4 8. h3 Be6 9. Re1 Qd7 10. Bxe6 fxe6 11. d4 exd4 12. cxd4 e5 13. d5 Nd8 14. Nf1 Nf7 15. Ng3 g6 16. Be3 b6 17.
Rc1 a5 18. Qc2 Rac8 19. a4 Kg7 20. b3 h6 21. Ne2 Nh5 22. Nc3 Nf4 23. Bxf4 exf4 24.
Nb5 Ne5 25. Nxe5 dxe5 26. Nxc7 Kh7 27. Qc6 Qxc6 28. Rxc6 Bc5 29. Ne6 Rfe8 30. Nxc5 Rxc6 31. dxc6 bxc5 32. Rc1 Kg7 33. Rxc5 Kf6 34. Rxa5 Rc8 35. Rc5 Rc7 36. b4 Ke6 37. b5 Kd6 38. Rc2 1-0

[Event "Late-Titled-Tuesday-Blitz-May-28-2024"]
[Site "Chess.com"]
[Date "2024.05.28"]
[Round "2"]
[White "Msb2"]
[Black "ELPRIMO0O0"]
[Result "1-0"]
[WhiteElo "3030"]
[BlackElo "2604"]
[TimeControl "180+1"]
[EndTime "14:15:45 PDT"]
[Termination "Msb2 won by resignation"]

1. d4 Nf6 2. c4 c5 3. d5 b5 4.
cxb5 a6 5. bxa6 e6 6. Nc3 exd5 7. Nxd5 Be7 8. e4 Nxe4 9. Nf3 O-O 10. Bd3 Nf6 11.
Nxf6+ Bxf6 12. O-O Bxa6 13. Bf4 Nc6 14. Bd6 Re8 15.
Bxc5 Bxb2 16. Rb1 Bxd3 17. Qxd3 Rxa2 18. Qb3 Qa5 19. Ng5 Ne5 20. Bd6 Qa8 21. Rxb2 Rxb2 22. Qxb2 Nc4 23. Qd4 1-0

[Event "Late-Titled-Tuesday-Blitz-May-28-2024"]
[Site "Chess.com"]
[Date "2024.05.28"]
[Round "2"]
[White "kemelgallo"]
[Black "ploxoi"]
[Result "1-0"]
[WhiteElo "2702"]
[BlackElo "2408"]
[TimeControl "180+1"]
[EndTime "14:15:48 PDT"]
[Termination "kemelgallo won by resignation"]

1. e4 c6 2. Nf3 d5 3. Nc3 Nf6 4.
e5 Ne4 5. Ne2 e6 6. d3 Nc5 7.
Ng3 Nbd7 8. d4 Na6 9. c3 c5 10. a3 Be7 11. Bd3 Nc7 12. h4 b6 13. Ng5 Ba6 14.
Bxh7 g6 15. h5 gxh5 16. Qxh5 Bxg5 17. Bxg5 Qc8 18. Qh6 Nf8 19. Qf6 Ng6 20. Bxg6 1-0

[Event "Late-Titled-Tuesday-Blitz-May-28-2024"]
[Site "Chess.com"]
[Date "2024.05.28"]
[Round "2"]
[White "lrjchess"]
[Black "blueryder"]
[Result "1-0"]
[WhiteElo "2479"]
[BlackElo "2175"]
[TimeControl "180+1"]
[EndTime "14:15:56 PDT"]
[Termination "lrjchess won by resignation"]

1. e4 e5 2. Nf3 d5 3. exd5 Bd6 4. d4 e4 5. Ne5 Nf6 6. Nc3 O-O 7. Be2 h6 8. Be3 Qe7 9. Nc4 Bb4 10. O-O Bxc3 11. bxc3 Nxd5 12. Qd2 f5 13. Bf4 Nxf4 14. Qxf4 Nc6 15. Rab1 Be6 16. Rxb7 Rac8 17. f3 Bd5 18. Rb5 Qe6 19. Ne3 Bxa2 20. d5 Qe8 21. dxc6 g5 22. Qg3 f4 23. Qg4 fxe3 24. Qxe4 Qxe4 25. fxe4 Rxf1+ 26. Bxf1 Rd8 27. g3 Rd1 28. Rb8+ Kg7 29. Kg2 Rxf1 30.
Kxf1 Bc4+ 31. Ke1 Kf6 32. Rb7 Ke5 33. Rxc7 Kxe4 34. Rxa7 Kd5 35. c7 1-0

[Event "Late-Titled-Tuesday-Blitz-May-28-2024"]
[Site "Chess.com"]
[Date "2024.05.28"]
[Round "2"]
[White "Timurist"]
[Black "andrew-blr"]
[Result "0-1"]
[WhiteElo "2394"]
[BlackElo "2631"]
[TimeControl "180+1"]
[EndTime "14:15:57 PDT"]
[Termination "andrew-blr won by resignation"]

1. e4 c5 2. Nc3 e6 3. Nge2 a6 4. g3 b5 5. Bg2 Bb7 6. O-O Nc6 7. d4 cxd4 8. Nxd4 Bc5 9. Nxc6 Bxc6 10. Nd5 exd5 11.
exd5 Bb7 12. Qg4 Kf8 13. Bg5 f6 14. Bf4 d6 15. Rae1 Ne7 16. Qh5 Ng6 17. Bd2 Bc8 18. Be4 Ne5 19. Bxh7 Bg4 20. Qh4 Nf3+ 0-1

[Event "Late-Titled-Tuesday-Blitz-May-28-2024"]
[Site "Chess.com"]
[Date "2024.05.28"]
[Round "2"]
[White "ChessGiantYouTube"]
[Black "GarayevKanan"]
[Result "0-1"]
[WhiteElo "2393"]
[BlackElo "2708"]
[TimeControl "180+1"]
[EndTime "14:16:01 PDT"]
[Termination "GarayevKanan won by resignation"]

1. g3 e5 2. Bg2 d5 3. d3 Nc6 4. e3 Nf6 5. Ne2 h5 6. h3 Be7 7. b3 Be6 8. Bb2 Qd7 9. Nd2 O-O-O 10. a3 Nh7 11. b4 a6 12. c4 f5 13. b5 axb5 14.
cxb5 Na5 15. Bxe5 Qxb5 16. Nd4 Qd7 17. Rc1 c5 18. N2b3 Nxb3 19. Nxb3 b6 20. a4 c4 21.
dxc4 dxc4 22. Nd4 Bb4+ 23. Kf1 Bd5 24. Bxd5 Qxd5 25. Kg1 Qxe5 26. Rxc4+ Bc5 27. a5 Kb7 28. a6+ Ka8 29. Qa4 Qd5 30. Kh2 Ng5 31. Rd1 Bxd4 32. Rdxd4 Nf3+ 33. Kh1 Nxd4+ 34. Kh2 Nf3+ 0-1

[Event "Late-Titled-Tuesday-Blitz-May-28-2024"]
[Site "Chess.com"]
[Date "2024.05.28"]
[Round "2"]
[White "YellowJacek"]
[Black "NMJeevanK"]
[Result "0-1"]
[WhiteElo "2365"]
[BlackElo "2680"]
[TimeControl "180+1"]
[EndTime "14:16:01 PDT"]
[Termination "NMJeevanK won by resignation"]

1. e4 d6 2. d4 Nf6 3. Nc3 e5 4.
Nge2 Be7 5. h3 c6 6. g4 b5 7.
a3 Nfd7 8. Ng3 O-O 9. Nf5 Nb6 10.
Nxe7+ Qxe7 11. Be3 exd4 12. Qxd4 c5 13. Qd2 b4 14.
axb4 cxb4 15. Nd5 Qxe4 16. Nxb6 axb6 17. Rxa8 Qxa8 18. Rg1 Qa1+ 19. Qc1 Qa5 20. b3 Re8 21.
Bd3 d5 22. Kf1 Ba6 23. Qd2 Nc6 24. Kg2 d4 25. Bf4 Qd5+ 26. Kh2 Bb7 27. Bc4 Qe4 28. Bg3 Ne5 29. Qf4 Nf3+ 0-1

[Event "Late-Titled-Tuesday-Blitz-May-28-2024"]
[Site "Chess.com"]
[Date "2024.05.28"]
[Round "2"]
[White "N_I_Chess"]
[Black "tgpgoat"]
[Result "0-1"]
[WhiteElo "2269"]
[BlackElo "2519"]
[TimeControl "180+1"]
[EndTime "14:16:01 PDT"]
[Termination "tgpgoat won by resignation"]

1. d4 Nf6 2. c4 c5 3. d5 b5 4. Nd2 bxc4 5. e4 d6 6. Bxc4 g6 7. b3 Bg7 8. Bb2 O-O 9. Ngf3 Ba6 10. Qc2 Bxc4 11. Nxc4 Nbd7 12. O-O Nb6 13. Nfd2 Rb8 14. Rfe1 Nxc4 15. Nxc4 Qc7 16. Bc3 Nd7 17. Bxg7 Kxg7 18.
f4 Kg8 19. e5 Nb6 20. Rad1 Nxc4 21. Qxc4 Rb4 22. Qf1 c4 23. Re4 Qb6+ 24. Qf2 cxb3 25. Rxb4 Qxb4 26. axb3 Qxb3 27. Qxa7 Qxd1+ 0-1

[Event "Late-Titled-Tuesday-Blitz-May-28-2024"]
[Site "Chess.com"]
[Date "2024.05.28"]
[Round "2"]
[White "pirulillo"]
[Black "Umumba_FM"]
[Result "0-1"]
[WhiteElo "2393"]
[BlackElo "2629"]
[TimeControl "180+1"]
[EndTime "14:16:07 PDT"]
[Termination "Umumba_FM won by resignation"]

1. e4 Nc6 2. Nc3 Nf6 3. Bc4 e6 4. d4 d5 5. exd5 exd5 6. Bb5 Bg4 7.
Nge2 h6 8. O-O Bd6 9. Be3 O-O 10. Bxc6 bxc6 11. Na4 Re8 12. h3 Bh5 13. Nc5 Ne4 14. Nxe4 Rxe4 15. Qd2 Qe7 16. Nc3 Re6 17. Kh1 Re8 18. a3 Qh4 19. Rae1 Bf3 20. Kg1 Rg6 0-1

[Event "Late-Titled-Tuesday-Blitz-May-28-2024"]
[Site "Chess.com"]
[Date "2024.05.28"]
[Round "2"]
[White "agustinv04"]
[Black "ChEsper99"]
[Result "1-0"]
[WhiteElo "2513"]
[BlackElo "2244"]
[TimeControl "180+1"]
[EndTime "14:16:11 PDT"]
[Termination "agustinv04 won by resignation"]

1. Nf3 Nf6 2. d4 g6 3. c4 Bg7 4.
Nc3 O-O 5. Bf4 d5 6. e3 c6 7. Be2 Bf5 8. O-O Nbd7 9. h3 Ne4 10.
Qb3 Nxc3 11. bxc3 dxc4 12. Bxc4 Nb6 13. Be2 Qd7 14. Be5 Be4 15. Bxg7 Bxf3 16. Bxf3 Kxg7 17. Rfe1 Rfe8 18. a4 Nd5 19. Rab1 Rab8 20. c4 Nf6 21.
Red1 Qc7 22. e4 Red8 23. e5 Ne8 24. Qc3 e6 25. Rb2 Qe7 26. g3 Nc7 27. h4 h5 28. Kg2 Na6 29. Rdb1 c5 30. d5 exd5 31. cxd5 Nb4 32. Rd2 b6 33. Re1 Rd7 34. e6+ 1-0

[Event "Late-Titled-Tuesday-Blitz-May-28-2024"]
[Site "Chess.com"]
[Date "2024.05.28"]
[Round "2"]
[White "Galileo22"]
[Black "Grischuk"]
[Result "0-1"]
[WhiteElo "2649"]
[BlackElo "3135"]
[TimeControl "180+1"]
[EndTime "14:16:20 PDT"]
[Termination "Grischuk won by resignation"]

1. c4 e5 2. g3 d6 3. Bg2 f5 4. d4 Be7 5. Nc3 Nf6 6. Nf3 e4 7. Ng5 c6 8. f3 d5 9. O-O O-O 10. Nh3 Na6 11. cxd5 cxd5 12. a3 Nc7 13. Qb3 Ne6 14. Be3 Kh8 15. Nf4 Nc7 16. Nh3 h6 17.
Bf4 Bd6 18. Be5 Be6 19. Nf4 Bf7 20. Bxf6 Qxf6 21. Nfxd5 Nxd5 22. fxe4 Qxd4+ 0-1

[Event "Late-Titled-Tuesday-Blitz-May-28-2024"]
[Site "Chess.com"]
[Date "2024.05.28"]
[Round "2"]
[White "Rud_Makarian"]
[Black "KChor05"]
[Result "1-0"]
[WhiteElo "2953"]
[BlackElo "2576"]
[TimeControl "180+1"]
[EndTime "14:16:20 PDT"]
[Termination "Rud_Makarian won by resignation"]

1. d4 Nf6 2. c4 g6 3. Nc3 Bg7 4. e4 d6 5. Be2 O-O 6. Be3 Nc6 7. Nf3 e5 8. d5 Ne7 9. Nd2 Nd7 10. O-O f5 11. f3 f4 12. Bf2 g5 13. b4 Ng6 14.
c5 Nf6 15. Nc4 Rf7 16. cxd6 cxd6 17. Nb5 Bf8 18. Nxa7 Rxa7 19. Bxa7 b5 20. Bb6 Qe7 21. Nd2 h5 22. Rc1 Bd7 23. Rc7 g4 24. Bxb5 Qe8 25.
Bxd7 Nxd7 26. Qa4 Rg7 27. Kh1 Nh4 28. Rg1 gxf3 29. Nxf3 Ng6 30. Qc6 1-0

[Event "Late-Titled-Tuesday-Blitz-May-28-2024"]
[Site "Chess.com"]
[Date "2024.05.28"]
[Round "2"]
[White "guineo59"]
[Black "Slovineanu"]
[Result "0-1"]
[WhiteElo "2330"]
[BlackElo "2536"]
[TimeControl "180+1"]
[EndTime "14:16:21 PDT"]
[Termination "Slovineanu won by resignation"]

1. d4 Nf6 2. Nf3 d5 3. e3 e6 4.
Nbd2 c5 5. c3 Nbd7 6. Bd3 Bd6 7.
O-O O-O 8. Re1 b6 9. e4 dxe4 10. Nxe4 Be7 11. Qe2 Bb7 12. Nxf6+ Nxf6 13. dxc5 Bxc5 14.
Bg5 h6 15. Bh4 Be7 16. Rad1 Qc7 17. Ne5 Rad8 18. Bg3 Qc8 19. Bf4 Rd5 20. c4 Rd4 21. Bh7+ Nxh7 22. Rxd4 Bc5 23. Rd3 Nf6 24. Rg3 Kh8 25.
Qe3 Bxe3 0-1

[Event "Late-Titled-Tuesday-Blitz-May-28-2024"]
[Site "Chess.com"]
[Date "2024.05.28"]
[Round "2"]
[White "stolencandy13"]
[Black "DanielNaroditsky"]
[Result "0-1"]
[WhiteElo "2625"]
[BlackElo "3077"]
[TimeControl "180+1"]
[EndTime "14:16:27 PDT"]
[Termination "DanielNaroditsky won by resignation"]

1. d4 Nf6 2. Bf4 c5 3. e3 cxd4 4. exd4 Qb6 5. Nc3 a6 6. Rb1 d5 7. Nf3 Bg4 8. Be2 e6 9. h3 Bh5 10. Ne5 Bxe2 11. Nxe2 Nc6 12. O-O Be7 13. c3 O-O 14. Bg5 Rad8 15. Re1 Qc7 16. Bf4 Bd6 17. Nc1 Ne4 18. Ncd3 Ne7 19. Be3 f6 20. Nf3 Nf5 21.
Nd2 Qf7 22. Nxe4 dxe4 23. Nf4 e5 24. dxe5 fxe5 25. Nd5 b5 26. Qb3 Kh8 27. Bg5 Rde8 28. Rxe4 Qg6 29. Be3 Nxe3 30. Rxe3 Qxb1+ 0-1

[Event "Late-Titled-Tuesday-Blitz-May-28-2024"]
[Site "Chess.com"]
[Date "2024.05.28"]
[Round "2"]
[White "WPWPWP-2015"]
[Black "remyrushbrooke"]
[Result "1-0"]
[WhiteElo "2524"]
[BlackElo "2274"]
[TimeControl "180+1"]
[EndTime "14:16:30 PDT"]
[Termination "WPWPWP-2015 won by resignation"]

1. e4 g6 2. d4 Bg7 3. Nf3 d6 4. h3 Nf6 5. Bd3 O-O 6. O-O Nc6 7. d5 Nb8 8. c4 e5 9. Nc3 Nbd7 10. b4 a5 11. bxa5 Nc5 12. Bc2 Rxa5 13. a4 b6 14. Ba3 Nfd7 15. Bb4 Ra8 16. a5 Ba6 17. axb6 Bxc4 18. Rxa8 Qxa8 19. bxc7 Bxf1 20. Qxf1 Qb7 21. Nb5 f5 22. Ng5 fxe4 23. Ne6 e3 24. Nxf8 exf2+ 25. Qxf2 Bxf8 26. Bxc5 Nxc5 27. Qf6 Na6 28. Qe6+ 1-0

[Event "Late-Titled-Tuesday-Blitz-May-28-2024"]
[Site "Chess.com"]
[Date "2024.05.28"]
[Round "2"]
[White "LevonAronian"]
[Black "secretworker2027"]
[Result "1-0"]
[WhiteElo "3048"]
[BlackElo "2614"]
[TimeControl "180+1"]
[EndTime "14:16:33 PDT"]
[Termination "LevonAronian won by resignation"]

1. e4 c5 2. Nf3 Nc6 3. Bb5 d6 4. O-O Bd7 5. Re1 Nf6 6. h3 Rg8 7. d3 Ne5 8. Nxe5 Bxb5 9. Nc3 dxe5 10. Nxb5 a6 11. Na3 g5 12. Nc4 Nd7 13. Qh5 h6 14. Bd2 Rg6 15. a4 Bg7 16. a5 Kf8 17. b4 cxb4 18. Reb1 Kg8 19. Rxb4 Rb8 20. Rab1 Nc5 21.
Be3 Nd7 22. Rxb7 Rxb7 23. Rxb7 Kh7 24. Qd1 Rc6 25. Qb1 Rg6 26. Ra7 g4 27. hxg4 Rxg4 28.
Qb7 Nf8 29. Ra8 Qd7 30. Qxd7 Nxd7 31. Rxa6 e6 32. Ra7 1-0

[Event "Late-Titled-Tuesday-Blitz-May-28-2024"]
[Site "Chess.com"]
[Date "2024.05.28"]
[Round "2"]
[White "Blackwhite017"]
[Black "Balla_Tamas"]
[Result "0-1"]
[WhiteElo "2043"]
[BlackElo "2453"]
[TimeControl "180+1"]
[EndTime "14:16:35 PDT"]
[Termination "Balla_Tamas won by resignation"]

1. e4 c5 2. Nf3 Nc6 3. d4 cxd4 4. Nxd4 e5 5. Nb5 d6 6. N1c3 a6 7. Na3 b5 8. Nd5 Nge7 9. Nxe7 Bxe7 10. c3 O-O 11. Be2 Kh8 12. O-O f5 13. exf5 Bxf5 14. f4 e4 15. Be3 d5 16. Nc2 Be6 17. Nd4 Nxd4 18. Bxd4 Bf6 19. Qd2 Rc8 20. Rad1 Qa5 21.
a4 Bxd4+ 22. Qxd4 Qxa4 23. Qxa4 bxa4 24. Ra1 Rb8 25. Rxa4 Rxb2 26. Rxa6 Bc8 27. Ra8 Rxe2 28. Rb1 Rc2 29. Rbb8 Rxc3 0-1

[Event "Late-Titled-Tuesday-Blitz-May-28-2024"]
[Site "Chess.com"]
[Date "2024.05.28"]
[Round "2"]
[White "2346PL"]
[Black "Fonsofan"]
[Result "0-1"]
[WhiteElo "2541"]
[BlackElo "2798"]
[TimeControl "180+1"]
[EndTime "14:16:40 PDT"]
[Termination "Fonsofan won by resignation"]

1. d4 Nf6 2. Bg5 c5 3. d5 Qb6 4.
Nc3 Qxb2 5. Bd2 Qb6 6. e4 d6 7. f4 g6 8. Nf3 Bg7 9. e5 dxe5 10.
fxe5 Ng4 11. e6 O-O 12. Ng5 f5 13. Be2 c4 14. Bxg4 fxg4 15. Qe2 Na6 16. Rb1 Qd4 17.
Qe4 Qf2+ 18. Kd1 Nc5 19. Qxg4 b6 20. Nce4 Nxe4 21. Nxe4 Qd4 22. d6 exd6 23. Re1 d5 24.
Kc1 dxe4 25. Rxe4 Rf1+ 0-1

[Event "Late-Titled-Tuesday-Blitz-May-28-2024"]
[Site "Chess.com"]
[Date "2024.05.28"]
[Round "2"]
[White "marik_spb"]
[Black "Navyblue1"]
[Result "1-0"]
[WhiteElo "2511"]
[BlackElo "2239"]
[TimeControl "180+1"]
[EndTime "14:16:40 PDT"]
[Termination "marik_spb won by resignation"]

1. d4 Nf6 2. Nf3 g6 3. g3 Bg7 4. Bg2 O-O 5. O-O d6 6. c4 c6 7.
Nc3 Qb6 8. e4 Qa6 9. Qb3 Bg4 10.
Be3 Bxf3 11. Bxf3 Nbd7 12. Qa4 Qxa4 13. Nxa4 e5 14. d5 c5 15. Rab1 b6 16. Nc3 a6 17.
b4 Rab8 18. Bd1 cxb4 19. Rxb4 Nc5 20. Bc2 Nfd7 21. Rfb1 f6 22. Na4 Nxa4 23. Bxa4 Rb7 24. Bxd7 Rxd7 25. Rxb6 a5 26. Rc6 f5 27. Rbb6 f4 28.
Bd2 fxg3 29. hxg3 Rf6 30. c5 Bf8 31. cxd6 Rfxd6 32. Rxd6 Rxd6 33. Rxd6 Bxd6 34. Bxa5 Kf7 35. Kg2 Ke8 36. Bd2 Kd7 37. f4 Kc8 38. a4 Kb7 39.
Kf3 Ka6 40. Kg4 h6 41. fxe5 Bxe5 42. Bxh6 Ka5 43. Kg5 Kxa4 44. Kxg6 Kb5 45. Bf4 Bxf4 46. gxf4 1-0

[Event "Late-Titled-Tuesday-Blitz-May-28-2024"]
[Site "Chess.com"]
[Date "2024.05.28"]
[Round "2"]
[White "SantoBlue"]
[Black "slidingknight2775"]
[Result "0-1"]
[WhiteElo "2966"]
[BlackElo "2604"]
[TimeControl "180+1"]
[EndTime "14:16:41 PDT"]
[Termination "slidingknight2775 won by resignation"]

1. e4 c5 2. Nc3 Nc6 3. g3 g6 4.
Bg2 Bg7 5. d3 d6 6. f4 Rb8 7.
Nf3 b5 8. O-O Bg4 9. h3 Bxf3 10.
Bxf3 e6 11. Bg2 Nge7 12. g4 Nd4 13. Ne2 O-O 14. Kh1 b4 15. Nxd4 Bxd4 16. f5 Nc6 17.
Bh6 Bg7 18. Bxg7 Kxg7 19. f6+ Kh8 20. Qd2 Rg8 21. g5 h5 22. Rf4 Ne5 23. Rh4 Kh7 24.
Qe2 Rh8 25. c3 bxc3 26. bxc3 Qb6 27. Rc1 c4 28. d4 Nd3 29. Rf1 Qb2 30. Qf3 Qxc3 31.
e5 d5 32. Rxh5+ gxh5 33. Qxh5+ Kg8 34. Qg4 Rb1 35. Kg1 Rxf1+ 36. Bxf1 Qd2 37. Qg3 Qf4 38. Qg2 Qxd4+ 39. Kh1 0-1

[Event "Late-Titled-Tuesday-Blitz-May-28-2024"]
[Site "Chess.com"]
[Date "2024.05.28"]
[Round "2"]
[White "OparinGrigoriy"]
[Black "KingCyber19"]
[Result "1-0"]
[WhiteElo "3057"]
[BlackElo "2620"]
[TimeControl "180+1"]
[EndTime "14:16:43 PDT"]
[Termination "OparinGrigoriy won by checkmate"]

1. c4 c5 2. g3 Nf6 3. Bg2 d5 4. cxd5 Nxd5 5. Nc3 Nc7 6. Nf3 Nc6 7. a3 e5 8. b4 cxb4 9. axb4 f6 10. Ba3 Bxb4 11. Nxe5 fxe5 12. Bxc6+ bxc6 13. Bxb4 Nd5 14. Qa4 Nxb4 15. Qxb4 Qe7 16. Qc4 Qd6 17. Ne4 Qd5 18.
d3 Qxc4 19. Nd6+ Ke7 20. Nxc4 Ke6 21. Ra5 Kf6 22. Nxe5 Be6 23. Kd2 Bd5 24. e4 Kxe5 25. f4+ Kd6 26. exd5 cxd5 27. Ra6+ Kc7 28. Rha1 Kb7 29.
Kc3 Rhe8 30. R6a2 Red8 31. Kd4 Rd6 32. Ra5 Rh6 33. R1a2 Rd6 34. Rb5+ Kc6 35. Rb1 a5 36. Rc2+ Kd7 37. Rb7+ Ke6 38. Rxg7 a4 39. Rxh7 Rdd8 40. Rc6+ Kf5 41. h3 Rh8 42. Rf7# 1-0

[Event "Late-Titled-Tuesday-Blitz-May-28-2024"]
[Site "Chess.com"]
[Date "2024.05.28"]
[Round "2"]
[White "Romadk"]
[Black "CixPer1968"]
[Result "1-0"]
[WhiteElo "2460"]
[BlackElo "2138"]
[TimeControl "180+1"]
[EndTime "14:16:43 PDT"]
[Termination "Romadk won on time"]

1. d4 d5 2. Nf3 Nf6 3. g3 c6 4. Bg2 Bg4 5. c4 e6 6. Nc3 Nbd7 7. Qb3 Qb6 8. c5 Qxb3 9. axb3 a6 10. h3 Bh5 11. g4 Bg6 12. Bf4 Rc8 13. b4 Ne4 14. Nd2 Nxd2 15. Kxd2 Be7 16. e4 O-O 17. exd5 exd5 18.
h4 h5 19. g5 Rfe8 20. Bh3 Red8 21. b5 cxb5 22. Nxd5 Bf8 23. b4 1-0

[Event "Late-Titled-Tuesday-Blitz-May-28-2024"]
[Site "Chess.com"]
[Date "2024.05.28"]
[Round "2"]
[White "ClauAmura"]
[Black "IMRosen"]
[Result "0-1"]
[WhiteElo "2422"]
[BlackElo "2722"]
[TimeControl "180+1"]
[EndTime "14:16:44 PDT"]
[Termination "IMRosen won by resignation"]

1. d4 d5 2. Bg5 f6 3. Bh4 Nh6 4. e3 Nf5 5. Bg3 h5 6. Be2 h4 7.
Bh5+ Kd7 8. Bxh4 Nxh4 9. Qg4+ e6 10. Bf7 Ke7 11. Bg6 Nxg6 12. Qxg6 Qe8 13. Qd3 Qh5 14. c4 Kf7 15. cxd5 exd5 16. Nc3 c6 17. Nge2 Bf5 18. e4 dxe4 19. Nxe4 Bb4+ 20. Kf1 Bxe4 21. Qc4+ Qd5 22.
Qxb4 Bxg2+ 23. Kg1 Bxh1 24. Nf4 Qg5+ 25. Kxh1 Qxf4 26.
Qxb7+ Kg8 27. Qc8+ Kh7 28. Qh3+ Qh6 29. Qf5+ g6 30.
Qxf6 Nd7 31. Qe7+ Qg7 32. Qh4+ Kg8 33. Qg4 Re8 34. Rc1 Qf7 35. f3 Nf6 36. Qg2 Nd5 37. Rxc6 Re1+ 0-1